NCAA
BOSTON COLLEGE EAGLES @ GEORGIA BULLDOGS
05/11/2030
 
TOP OF THE 1ST
Boston College Eagles batting - Pitching for Georgia Bulldogs : RHP Michael Walters
Pitching: RHP Michael Walters
Batting: RHB Johnny Robertson 0-0: Ball
1-0: Ball
2-0: Ball
3-0: Called Strike
3-1: Base on Balls
Batting: SHB Héctor Arteago 0-0: Called Strike
0-1: Ball
1-1: Foul Ball, location: 2F
1-2: Grounds into double play, 4-6-3 (Groundball, 4)
Batting: SHB Marvin MacGeoch 0-0: Called Strike
0-1: Ground out 1-3 (Groundball, 13)
Top of the 1st over - 0 runs, 0 hits, 0 errors, 0 left on base; Boston College 0 - Georgia 0
BOTTOM OF THE 1ST
Georgia Bulldogs batting - Pitching for Boston College Eagles : RHP Gabriel Stevenson
Pitching: RHP Gabriel Stevenson
Batting: RHB José Rocha 0-0: Ball
1-0: Ball
2-0: Ball
3-0: Base on Balls
Batting: RHB Gerard Ford 0-0: Fly out, F4 (Popup, 4S)
Batting: SHB Andrés Coronado 0-0: Ball
1-0: Called Strike
José Rocha steals 2nd base
1-1: Ground out U3 (Groundball, 34S)
José Rocha to third
Batting: RHB Stephen Marshall 0-0: DOUBLE (Flyball, 8RD)
José Rocha scores
Batting: LHB Dan Wilson 0-0: Called Strike
0-1: Foul Ball, location: 2F
0-2: Ball
1-2: Fly out, F5 (Popup, 5)
Bottom of the 1st over - 1 run, 1 hit, 0 errors, 1 left on base; Boston College 0 - Georgia 1
TOP OF THE 2ND
Boston College Eagles batting - Pitching for Georgia Bulldogs : RHP Michael Walters
Batting: RHB Steve Neal 0-0: Ball
1-0: Ball
2-0: Called Strike
2-1: Swinging Strike
2-2: Foul Ball, location: 2F
2-2: Fly out, F4 (Popup, 4)
Batting: SHB Walt Gómez 0-0: Ball
1-0: Ball
2-0: Called Strike
2-1: Foul Ball, location: 2F
2-2: Foul Ball, location: 2F
2-2: Foul Ball, location: 2F
2-2: Strikes out looking
Batting: RHB Fernando Rosales 0-0: Called Strike
0-1: SINGLE (Line Drive, 3S)
Batting: LHB Porter Butler 0-0: Ball
1-0: Ball
2-0: Ball
3-0: Called Strike
3-1: Foul Ball, location: 2F
3-2: Base on Balls
Fernando Rosales to second
Batting: RHB Chris West 0-0: Ball
1-0: Called Strike
1-1: SINGLE (Line Drive, 8LS)
Fernando Rosales to third
Porter Butler to second
Batting: RHB Shawn Hanner 0-0: Ball
1-0: Called Strike
1-1: Foul Ball, location: 2F
1-2: Foul Ball, location: 2F
1-2: Ball
2-2: Foul Ball, location: 2F
2-2: SINGLE (Flyball, 8RS)
Fernando Rosales scores
Porter Butler to third
Chris West to second
Batting: RHB Johnny Robertson 0-0: Ball
1-0: Called Strike
1-1: Ball
Wild Pitch!
Porter Butler scores
Chris West to third
Shawn Hanner to second
2-1: Ball
3-1: Swinging Strike
3-2: Strikes out swinging
Top of the 2nd over - 2 runs, 3 hits, 0 errors, 2 left on base; Boston College 2 - Georgia 1
BOTTOM OF THE 2ND
Georgia Bulldogs batting - Pitching for Boston College Eagles : RHP Gabriel Stevenson
Batting: RHB Luis Gómez 0-0: Ball
1-0: Foul Ball, location: 2F
1-1: Swinging Strike
1-2: Strikes out swinging, 2-3 out at first.
Batting: LHB Artie Decker 0-0: Called Strike
0-1: Called Strike
0-2: Strikes out swinging
Batting: RHB Jake Rutledge 0-0: Called Strike
0-1: Ball
1-1: Ball
2-1: DOUBLE (Flyball, 8RXD)
Batting: RHB César Méndez 0-0: Ball
1-0: Ball
2-0: Swinging Strike
2-1: Foul Ball, location: 2F
2-2: Strikes out swinging
Bottom of the 2nd over - 0 runs, 1 hit, 0 errors, 1 left on base; Boston College 2 - Georgia 1
TOP OF THE 3RD
Boston College Eagles batting - Pitching for Georgia Bulldogs : RHP Michael Walters
Batting: SHB Héctor Arteago 0-0: Called Strike
0-1: Swinging Strike
0-2: Foul Ball, location: 2F
0-2: Fly out, F5 (Popup, 56S)
Batting: SHB Marvin MacGeoch 0-0: Ball
1-0: Called Strike
1-1: Reached on error, E1 (Groundball, P)
Batting: RHB Steve Neal 0-0: Foul Ball, location: 2F
0-1: Ball
1-1: Swinging Strike
1-2: Foul Ball, location: 2F
1-2: Fly out, F8 (Flyball, 89M)
Batting: SHB Walt Gómez 0-0: Ball
1-0: Called Strike
1-1: Foul Ball, location: 2F
1-2: Foul Ball, location: 2F
1-2: Strikes out swinging
Top of the 3rd over - 0 runs, 0 hits, 1 error, 1 left on base; Boston College 2 - Georgia 1
BOTTOM OF THE 3RD
Georgia Bulldogs batting - Pitching for Boston College Eagles : RHP Gabriel Stevenson
Batting: RHB José Rocha 0-0: Called Strike
0-1: SINGLE (Line Drive, 6)
Batting: RHB Gerard Ford 0-0: Fly out, F7 (Flyball, 78S)
Batting: SHB Andrés Coronado 0-0: Ball
1-0: Ball
2-0: Ball
3-0: Called Strike
3-1: Called Strike
3-2: Foul Ball, location: 2F
3-2: Base on Balls
José Rocha to second
Batting: RHB Stephen Marshall 0-0: Foul Ball, location: 2F
0-1: Ball
1-1: SINGLE (Groundball, 56D)
José Rocha to third
Andrés Coronado to second
Runner from 3rd tries for Home, SAFE, no throw
Batting: LHB Dan Wilson 0-0: Grounds into double play, 4-6-3 (Groundball, 4)
Bottom of the 3rd over - 1 run, 2 hits, 0 errors, 1 left on base; Boston College 2 - Georgia 2
TOP OF THE 4TH
Boston College Eagles batting - Pitching for Georgia Bulldogs : RHP Michael Walters
Batting: RHB Fernando Rosales 0-0: Ball
1-0: Ball
2-0: Called Strike
2-1: Swinging Strike
2-2: Ball
3-2: Foul Ball, location: 2F
3-2: Base on Balls
Batting: LHB Porter Butler 0-0: Ball
1-0: Foul Ball, location: 2F
1-1: Ball
2-1: Called Strike
2-2: SINGLE (Line Drive, 9S)
Fernando Rosales to second
Batting: RHB Chris West 0-0: Foul Ball, location: 2F
0-1: Ball
1-1: Swinging Strike
1-2: Fielders Choice at 3rd, U5 (Groundball, 5L)
Porter Butler to second
Pitching: RHP Michael Smith
Batting: RHB Shawn Hanner 0-0: Called Strike
0-1: Fly out, F4 (Line Drive, 4)
Batting: RHB Johnny Robertson 0-0: Ball
Passed Ball!
Porter Butler to third
Chris West to second
1-0: Ball
2-0: Ball
Passed Ball!
Porter Butler scores
Chris West to third
3-0: Base on Balls
Batting: SHB Héctor Arteago 0-0: Ball
1-0: Foul Ball, location: 2F
1-1: Foul Ball, location: 2F
1-2: Strikes out swinging
Top of the 4th over - 1 run, 1 hit, 0 errors, 2 left on base; Boston College 3 - Georgia 2
BOTTOM OF THE 4TH
Georgia Bulldogs batting - Pitching for Boston College Eagles : RHP Gabriel Stevenson
Batting: RHB Luis Gómez 0-0: Called Strike
0-1: Ground out 3-1 (Groundball, 34)
Batting: LHB Artie Decker 0-0: Ball
1-0: SINGLE (Line Drive, 89S)
Batting: RHB Jake Rutledge 0-0: Ball
1-0: Ball
2-0: Called Strike
2-1: Ball
3-1: Base on Balls
Artie Decker to second
Batting: RHB César Méndez 0-0: Ball
1-0: Foul Ball, location: 2F
1-1: Swinging Strike
1-2: Hit by Pitch
Artie Decker to third
Jake Rutledge to second
Batting: RHB José Rocha 0-0: Ball
1-0: Ball
2-0: SINGLE (Flyball, 89M)
Artie Decker scores
Jake Rutledge to third
César Méndez to second
Batting: RHB Gerard Ford 0-0: Ball
1-0: Called Strike
1-1: Called Strike
1-2: Foul Ball, location: 2F
1-2: Ball
2-2: Ball
3-2: Foul Ball, location: 2F
3-2: Foul Ball, location: 2F
3-2: Foul Ball, location: 2F
3-2: Foul Ball, location: 2F
3-2: Strikes out swinging
Batting: SHB Andrés Coronado 0-0: Ball
1-0: Ground out 3-1 (Groundball, 34S)
Bottom of the 4th over - 1 run, 2 hits, 0 errors, 3 left on base; Boston College 3 - Georgia 3
TOP OF THE 5TH
Boston College Eagles batting - Pitching for Georgia Bulldogs : RHP Michael Smith
Batting: SHB Marvin MacGeoch 0-0: Ball
1-0: Ball
2-0: Ball
3-0: Called Strike
3-1: Swinging Strike
3-2: SINGLE (Groundball, 4MD)
Batting: RHB Steve Neal 0-0: Called Strike
0-1: Swinging Strike
0-2: Strikes out swinging
Batting: SHB Walt Gómez 0-0: Ball
1-0: Swinging Strike
1-1: Ball
2-1: Ball
3-1: Foul Ball, location: 2F
3-2: DOUBLE (Line Drive, 7LD)
Marvin MacGeoch to third
Runner from 3rd tries for Home, SAFE, no throw
Batting: RHB Fernando Rosales 0-0: Called Strike
0-1: Ball
1-1: Ground out 4-3 (Groundball, 4S)
Walt Gómez to third
Batting: LHB Porter Butler 0-0: Swinging Strike
0-1: Ball
1-1: Foul Ball, location: 2F
1-2: Strikes out swinging
Top of the 5th over - 1 run, 2 hits, 0 errors, 1 left on base; Boston College 4 - Georgia 3
BOTTOM OF THE 5TH
Georgia Bulldogs batting - Pitching for Boston College Eagles : RHP Gabriel Stevenson
Batting: RHB Stephen Marshall 0-0: Ball
1-0: SINGLE (Flyball, 89M)
Batting: LHB Dan Wilson 0-0: Foul Ball, location: 2F
0-1: DOUBLE (Line Drive, 89D)
Stephen Marshall to third
Batting: RHB Luis Gómez 0-0: Ball
1-0: Ball
2-0: Ball
3-0: Base on Balls
Pitching: RHP David Hesketh
Batting: LHB Artie Decker 0-0: Called Strike
0-1: Ball
1-1: Foul Ball, location: 2F
1-2: Ball
2-2: Foul Ball, location: 2F
2-2: Ball
3-2: Base on Balls
Stephen Marshall scores
Dan Wilson to third
Luis Gómez to second
Batting: RHB Jake Rutledge 0-0: Foul Ball, location: 2F
0-1: Ball
1-1: Fly out, F2 (Popup, 23F)
Batting: RHB César Méndez 0-0: Ball
1-0: Ball
2-0: Ball
3-0: Base on Balls
Dan Wilson scores
Luis Gómez to third
Artie Decker to second
Batting: RHB José Rocha 0-0: SINGLE (Flyball, 7LS)
Luis Gómez scores
Artie Decker to third
César Méndez to second
Batting: RHB Gerard Ford 0-0: Ball
1-0: Called Strike
1-1: Swinging Strike
1-2: Foul Ball, location: 2F
1-2: Ball
2-2: Ball
3-2: Fly out, F7 (Flyball, 7LS)
Runner from 3rd tags up, SCORES, no throw
Batting: SHB Andrés Coronado 0-0: Called Strike
0-1: Foul Ball, location: 2F
0-2: Strikes out swinging
Bottom of the 5th over - 4 runs, 3 hits, 0 errors, 2 left on base; Boston College 4 - Georgia 7
TOP OF THE 6TH
Boston College Eagles batting - Pitching for Georgia Bulldogs : RHP Fernando Piña
Pitching: RHP Fernando Piña
Batting: RHB Chris West 0-0: Swinging Strike
0-1: Foul Ball, location: 2F
0-2: Ground out 4-3 (Groundball, 4S)
Batting: RHB Shawn Hanner 0-0: Fly out, F7 (Flyball, 7S)
Batting: RHB Johnny Robertson 0-0: Ball
1-0: DOUBLE (Line Drive, 7LS)
Batting: SHB Héctor Arteago 0-0: Foul Ball, location: 2F
0-1: Ground out 5-3 (Groundball, 56)
Top of the 6th over - 0 runs, 1 hit, 0 errors, 1 left on base; Boston College 4 - Georgia 7
BOTTOM OF THE 6TH
Georgia Bulldogs batting - Pitching for Boston College Eagles : RHP David Hesketh
Batting: RHB Stephen Marshall 0-0: Fly out, F3 (Popup, 23F)
Batting: LHB Dan Wilson 0-0: Ball
1-0: Ball
2-0: Called Strike
2-1: Ball
3-1: Fly out, F7 (Flyball, 7S)
Batting: RHB Luis Gómez 0-0: Swinging Strike
0-1: Ball
1-1: Foul Ball, location: 2F
1-2: Ball
2-2: Ground out U3 (Groundball, 34)
Bottom of the 6th over - 0 runs, 0 hits, 0 errors, 0 left on base; Boston College 4 - Georgia 7
TOP OF THE 7TH
Boston College Eagles batting - Pitching for Georgia Bulldogs : RHP Fernando Piña
Batting: SHB Marvin MacGeoch 0-0: Called Strike
0-1: Ball
1-1: Foul Ball, location: 2F
1-2: Ball
2-2: Foul Ball, location: 2F
2-2: Ball
3-2: Strikes out swinging
Batting: RHB Steve Neal 0-0: Ball
1-0: Foul Ball, location: 2F
1-1: Foul Ball, location: 2F
1-2: Strikes out looking
Batting: SHB Walt Gómez 0-0: Called Strike
0-1: Ball
1-1: Foul Ball, location: 2F
1-2: Strikes out swinging
Top of the 7th over - 0 runs, 0 hits, 0 errors, 0 left on base; Boston College 4 - Georgia 7
BOTTOM OF THE 7TH
Georgia Bulldogs batting - Pitching for Boston College Eagles : RHP David Hesketh
Batting: LHB Artie Decker 0-0: Called Strike
0-1: Ball
1-1: Swinging Strike
1-2: Strikes out looking
Batting: RHB Jake Rutledge 0-0: Called Strike
0-1: Foul Ball, location: 2F
0-2: Ball
1-2: Ball
2-2: Strikes out looking
Batting: RHB César Méndez 0-0: Called Strike
0-1: Foul Ball, location: 2F
0-2: Ball
1-2: Fly out, F8 (Flyball, 8LM)
Bottom of the 7th over - 0 runs, 0 hits, 0 errors, 0 left on base; Boston College 4 - Georgia 7
TOP OF THE 8TH
Boston College Eagles batting - Pitching for Georgia Bulldogs : RHP Fernando Piña
Batting: RHB Fernando Rosales 0-0: Called Strike
0-1: Foul Ball, location: 2F
0-2: Strikes out swinging
Batting: LHB Porter Butler 0-0: Ball
1-0: Ball
2-0: Foul Ball, location: 2F
2-1: Foul Ball, location: 2F
2-2: Foul Ball, location: 2F
2-2: Foul Ball, location: 2F
2-2: SINGLE (Groundball, 56D)
Batting: RHB Chris West 0-0: Called Strike
Balk!
Porter Butler to second
0-1: Fly out, F8 (Flyball, 8RM)
Batting: RHB Shawn Hanner 0-0: Ball
1-0: Ball
2-0: Ball
3-0: Called Strike
3-1: Called Strike
3-2: Foul Ball, location: 2F
3-2: Base on Balls
Batting: RHB Johnny Robertson 0-0: Ball
1-0: Ball
2-0: Ball
3-0: Called Strike
3-1: Foul Ball, location: 2F
3-2: Foul Ball, location: 2F
3-2: Base on Balls
Porter Butler to third
Shawn Hanner to second
Pitching: LHP Mark Williams
Batting: SHB Héctor Arteago 0-0: Ball
1-0: Swinging Strike
1-1: Ball
2-1: Foul Ball, location: 2F
2-2: Ball
3-2: Base on Balls
Porter Butler scores
Shawn Hanner to third
Johnny Robertson to second
Batting: SHB Marvin MacGeoch 0-0: Called Strike
0-1: Ball
1-1: Ball
2-1: Ball
3-1: Base on Balls
Shawn Hanner scores
Johnny Robertson to third
Héctor Arteago to second
Batting: RHB Steve Neal 0-0: SINGLE (Line Drive, 7LM)
Johnny Robertson scores
Héctor Arteago to third
Marvin MacGeoch to second
Batting: SHB Walt Gómez 0-0: Swinging Strike
0-1: Ball
1-1: Called Strike
1-2: Ball
2-2: Foul Ball, location: 2F
2-2: Strikes out swinging
Top of the 8th over - 3 runs, 2 hits, 0 errors, 3 left on base; Boston College 7 - Georgia 7
BOTTOM OF THE 8TH
Georgia Bulldogs batting - Pitching for Boston College Eagles : RHP David Hesketh
Batting: RHB José Rocha 0-0: Called Strike
0-1: Called Strike
0-2: Foul Ball, location: 2F
0-2: Foul Ball, location: 2F
0-2: Foul Ball, location: 2F
0-2: Ball
1-2: Foul Ball, location: 2F
1-2: Strikes out swinging
Batting: RHB Gerard Ford 0-0: Ball
1-0: SINGLE (Flyball, 3D)
Batting: SHB Andrés Coronado 0-0: Ball
1-0: Called Strike
1-1: Ball
2-1: Swinging Strike
2-2: Grounds out, U3 (Groundball, 3L)
Pitching: LHP Mariano García
Batting: RHB Stephen Marshall 0-0: Ball
1-0: 2-RUN HOME RUN (Flyball, 9LD), Distance : 325 ft
Batting: LHB Dan Wilson 0-0: Ball
1-0: Swinging Strike
1-1: SINGLE (Flyball, 5D)
Batting: RHB Luis Gómez 0-0: 2-RUN HOME RUN (Flyball, 9LD), Distance : 330 ft
Pitching: RHP Bobby Moody
Batting: LHB Artie Decker 0-0: Called Strike
0-1: Swinging Strike
0-2: Ball
1-2: SINGLE (Line Drive, 4M)
Batting: RHB Jake Rutledge 0-0: Ball
1-0: Ball
2-0: Ball
3-0: Base on Balls
Artie Decker to second
Batting: RHB César Méndez 0-0: Ball
1-0: 3-RUN HOME RUN (Flyball, 9D), Distance : 360 ft
Batting: RHB José Rocha 0-0: Foul Ball, location: 2F
0-1: Ball
1-1: Ball
2-1: Ball
3-1: SINGLE (Line Drive, 56D)
Batting: RHB Gerard Ford 0-0: Called Strike
0-1: Ball
1-1: Ball
2-1: Foul Ball, location: 2F
2-2: Foul Ball, location: 2F
2-2: Foul Ball, location: 2F
2-2: Ground out 6-3 (Groundball, 6)
Bottom of the 8th over - 7 runs, 7 hits, 0 errors, 1 left on base; Boston College 7 - Georgia 14
TOP OF THE 9TH
Boston College Eagles batting - Pitching for Georgia Bulldogs : LHP Mark Williams
Batting: RHB Fernando Rosales 0-0: Ball
1-0: Ball
2-0: Foul Ball, location: 2F
2-1: SINGLE (Flyball, 78M)
Batting: LHB Porter Butler 0-0: Foul Ball, location: 2F
0-1: Swinging Strike
0-2: Ball
1-2: Strikes out swinging
Batting: RHB Chris West 0-0: Called Strike
0-1: Foul Ball, location: 2F
0-2: Ball
1-2: SINGLE (Line Drive, 6)
Fernando Rosales to second
Batting: RHB Shawn Hanner 0-0: Called Strike
0-1: Ball
1-1: Foul Ball, location: 2F
1-2: Strikes out looking
Batting: RHB Johnny Robertson 0-0: Ground out U3 (Groundball, 3S)
Top of the 9th over - 0 runs, 2 hits, 0 errors, 2 left on base; Boston College 7 - Georgia 14
Saturday, April 7th, 2018 - OOTP Baseball 18.8 Build 76